 Dungeon Crawl Stone Soup version 0.30-a0-1-g69b7b797bf (webtiles) character file.

Game seed: 16499623121235916460

39 BritishOli the Trooper (level 3, -2/29 HPs)
             Began as a Demonspawn Fighter on Aug 19, 2022.
             Slain by a gnoll
             ... wielding a +0 flail
              (7 damage)
             ... on level 2 of the Dungeon.
             The game lasted 00:00:51 (1090 turns).

BritishOli the Trooper (Demonspawn Fighter)         Turns: 1090, Time: 00:00:51

Health: -2/29      AC:  6    Str: 18    XL:     3   Next: 26%
Magic:  3/3        EV:  9    Int:  9    God:
Gold:   60         SH:  8    Dex: 12    Spells: 2/2 levels left

rFire   . . .      SeeInvis .    a - +0 long sword
rCold   . . .      Faith    .    c - +0 buckler
rNeg    . . .      Spirit   .    b - +0 scale mail
rPois   .          Reflect  .    (no helmet)
rElec   .          Harm     .    (no cloak)
rCorr   .          Rampage  .    (no gloves)
Will    .....                    (no boots)
Stlth   ..........               (no amulet)
HPRegen 0.09/turn                (no ring)
MPRegen 0.08/turn                (no ring)

@: no status effects
A: large bone plates 1, ignite blood 1
a: no special abilities


You were on level 2 of the Dungeon.
You visited 1 branch of the dungeon, and saw 2 of its levels.

You collected 60 gold pieces.

Inventory:

Hand Weapons
 a - a +0 long sword (weapon)
Armour
 b - a +0 scale mail (worn)
 c - a +0 buckler (worn)
Scrolls
 e - 2 scrolls of teleportation {unknown}
 f - 4 scrolls of identify {unknown}
Potions
 d - a potion of might
 g - a potion of flight {unknown}
 h - 2 potions of degeneration {unknown}


   Skills:
 + Level 3.3 Fighting
 + Level 2.2 Long Blades
 + Level 3.1 Armour
 + Level 3.0 Shields


You had 2 spell levels left.
You didn't know any spells.
Your spell library contained the following spells:

 Spells                   Type           Power      Damage    Failure   Level
 Necrotise                Necr           0%         1d4       86%         1
 Poisonous Vapours        Pois/Air       0%         N/A       94%         2
 Vampiric Draining        Necr           0%         2d6       99%         3
 Corpse Rot               Necr/Pois/Air  0%         N/A       100%        4
 Agony                    Necr           0%         N/A       100%        5


Dungeon Overview and Level Annotations

Branches:
Dungeon (2/15)

Altars:


Innate Abilities, Weirdness & Mutations

You are partially covered in large bone plates. (SH +4)
Your demonic aura sometimes causes spilled blood to erupt in flames.


Message History

The gnoll is moderately wounded.
The adder bites you but does no damage. You block the adder's attack.
You hit the gnoll but do no damage. The adder bites you but does no damage.
The gnoll hits you but does no damage. You block the adder's attack.
You hit the gnoll.
The gnoll is moderately wounded.
The adder bites you. The gnoll hits you with a +0 whip.
You hit the gnoll.
The gnoll is severely wounded.
The adder closely misses you. The gnoll closely misses you.
The adder bites you but does no damage.
You hit the gnoll but do no damage.
The gnoll is severely wounded.
The gnoll hits you with a +0 whip. You block the adder's attack.
The gnoll barely misses you. The adder bites you.
You are too injured to fight recklessly!
You are too injured to fight recklessly!
You are too injured to fight recklessly!
You are too injured to fight recklessly!
You hit the gnoll.
The gnoll is severely wounded.
The adder closely misses you. The gnoll hits you with a +0 whip.
You barely miss the gnoll.
The gnoll is severely wounded.
The adder closely misses you. You block the gnoll's attack.
The adder bites you but does no damage.
You slash the gnoll!
You kill the gnoll!
The adder bites you but does no damage.
The gnoll hits you but does no damage. x2
The adder bites you.
* * * LOW HITPOINT WARNING * * *
You barely miss the gnoll.
The gnoll is moderately wounded.
The adder bites you.
* * * LOW HITPOINT WARNING * * *
You block the gnoll's attack. The gnoll closely misses you.
The adder attacks as you move away! The adder barely misses you.
The adder closely misses you. The gnoll attacks as you move away!
The gnoll hits you with a +0 flail!
You die...

.. ... ....###
..>..rr###
....g.gg.#######
$..####S@..<...#
#........#
#...?....#
#........#
##########


You could see 3 gnolls, an adder and 2 quokkas.

Vanquished Creatures
  A gnoll (D:2)
  2 endoplasms (D:1)
  A giant cockroach (D:1)
  4 goblins (D:1)
  4 jackals (D:1)
  2 kobolds (D:1)
  2 quokkas (D:1)
  2 ball pythons (D:1)
  4 bats (D:1)
  A frilled lizard (D:1)
  2 rats (D:1)
25 creatures vanquished.

Notes
Turn   | Place    | Note
-------+----------+-------------------------------------------
     0 | D:1      | BritishOli the Demonspawn Fighter began the quest for the
                  | Orb.
     0 | D:1      | Reached XP level 1. HP: 18/18 MP: 1/1
   368 | D:1      | Gained mutation: Your demonic aura sometimes causes spilled
                  | blood to erupt in flames. [demonic ancestry]
   368 | D:1      | Reached XP level 2. HP: 23/24 MP: 2/2
   609 | D:1      | Found a faded altar of an unknown god.
   860 | D:1      | Gained mutation: You are partially covered in large bone
                  | plates. (SH +4) [demonic ancestry]
   860 | D:1      | Reached XP level 3. HP: 29/29 MP: 3/3
  1090 | D:2      | Slain by a gnoll

Illustrated notes

Levels and vault maps discovered:
D:1:      dpeg_arrival_rhombus, layout_loops_cross,
          chequers_ecumenical_altar_island, corexii_leaking_fountain
D:2:      layout_rooms

Skill      XL: |  1  2 |
---------------+-------+-----
Long Blades    | 2 |  2.2
Armour         | 3 |  3.1
Shields        | 3 |  3.0
Fighting       | |  3.3

Action                   || total
-------------------------++-------
Melee: Long sword        ||    86
Armor: Scale mail        ||    57
Dodge: Dodged            ||    53
Block: Buckler           ||    24

Table legend: (Time is in decaauts)
 A = Elapsed time spent in this place.
 B = Non-inter-level travel time spent in this place.
 C = Inter-level travel time spent in this place.
 D = Time resting spent in this place.
 E = Time spent auto-exploring this place.
 F = Levels seen in this place.
 G = Mean time per level.
                   A        B        C        D        E       F      G
               +--------+--------+--------+--------+--------+-----+--------+
         Total |   1122 |   1090 |     32 |    206 |    696 |   2 |  561.0 |
       Dungeon |   1122 |   1090 |     32 |    206 |    696 |   2 |  561.0 |
               +--------+--------+--------+--------+--------+-----+--------+

Top non-repeatable levels by time:
     D:1: 1102 daAuts
     D:2: 20 daAuts
